 Dungeon Crawl Stone Soup version 0.20-a0-1016-g241539b (webtiles) character file.

5703 Griselidis the Grappler (level 10, -2/98 HPs)
             Began as a Troll Fighter on Apr 16, 2017.
             Was a Believer of Uskayaw.
             Slain by an orc warrior
             ... wielding a +0 war axe
              (16 damage)
             ... on level 8 of the Dungeon.
             The game lasted 00:20:16 (6434 turns).

Griselidis the Grappler (Troll Fighter)             Turns: 6434, Time: 00:20:16

Health: -2/98      AC:  6    Str: 26    XL:     10   Next: 48%
Magic:  13/13      EV: 10    Int:  4    God:    Uskayaw [**....]
Gold:   292        SH:  0    Dex: 12    Spells: 9/9 levels left

rFire    + . .     SeeInvis .     - Unarmed
rCold    + . .     Gourm    +   (no shield)
rNeg     . . .     Faith    +   R - +0 robe {rC+ rF+}
rPois    .         Spirit   .   (helmet restricted)
rElec    .         Reflect  .   N - +0 cloak
rCorr    .         Harm     .   (gloves unavailable)
MR       .....                  (boots unavailable)
Stlth    +.........             f - amulet of faith
Regen    0.7/turn               (no ring)
MPRegen  0.2/turn               (no ring)

@: no status effects
A: unfitting armour, claws 3, fast metabolism 3, gourmand, regeneration 1,
shaggy fur 1, tough skin 2
a: Stomp, Line Pass, Renounce Religion


You were on level 8 of the Dungeon.
You worshipped Uskayaw.
Uskayaw was noncommittal.
You were completely stuffed.

You visited 2 branches of the dungeon, and saw 9 of its levels.
You also visited: Ossuary.

You collected 454 gold pieces.
You spent 162 gold pieces at shops.

Inventory:

Missiles
 l - 8 poisoned needles
 y - 5 silver tomahawks (quivered)
Armour
 a - a +0 robe
 b - a +0 shield
 D - a +2 robe of magic resistance
 N - a +0 cloak (worn)
 R - a +0 robe of resistance (worn)
Jewellery
 f - an amulet of faith (around neck)
 j - an uncursed amulet of regeneration
 k - an uncursed amulet of rage
 u - an uncursed ring of magical power
 Q - an uncursed ring of fire {unknown}
Wands
 x - a wand of confusion (31/48)
 B - a wand of disintegration (15/24)
 C - a wand of paralysis (15/24)
 M - a wand of disintegration (20/24)
 O - a wand of lightning (9/15)
Scrolls
 m - 2 scrolls of fog
 q - 4 scrolls of remove curse
 r - 2 scrolls of enchant weapon {unknown}
 s - 4 scrolls of teleportation
 v - 2 scrolls of random uselessness {unknown}
 w - 7 scrolls of magic mapping
 F - a scroll of recharging {unknown}
 G - 2 scrolls of amnesia {unknown}
 H - 2 scrolls of immolation {unknown}
 J - a scroll of enchant armour {unknown}
 L - 2 scrolls of identify
Potions
 c - 2 potions of might
 e - a potion of berserk rage
 g - 2 potions of agility {unknown}
 h - 4 potions of brilliance {unknown}
 n - 5 potions of heal wounds
 p - a potion of flight
 t - 8 potions of curing
 z - 4 potions of mutation {unknown}
 A - a potion of ambrosia
 I - 3 potions of haste {unknown}
 K - 2 potions of invisibility {unknown}
 P - a potion of lignification
Comestibles
 d - 6 bread rations
 i - 2 meat rations
 o - 3 royal jellies
 E - 2 chunks of flesh


   Skills:
 + Level 5.8 Fighting
 + Level 5.8 Throwing
 - Level 2.4 Dodging
 + Level 2.6 Shields
 * Level 9.3 Unarmed Combat
 + Level 5.5 Invocations
 + Level 4.8 Evocations


You had 9 spell levels left.
You didn't know any spells.

Dungeon Overview and Level Annotations

Branches:
Dungeon (8/15)             Temple (1/1) D:4
   Lair: D:8-11

Altars:
Ashenzari
Cheibriados
Elyvilon
Gozag
Hepliaklqana
Kikubaaqudgha
Okawaru
Qazlal
Ru
Trog
Uskayaw
Vehumet
Yredelemnul
Zin
The Shining One

Shops:
D:4 [   D:5 !


Innate Abilities, Weirdness & Mutations

You are too large for most types of armour.
You have claws for hands.
Your metabolism is lightning-fast.
You like to eat raw meat.
Your natural rate of healing is unusually fast.
You are covered in fur. (AC +1)
You have very tough skin. (AC +2)


Message History

The orc wizard begins to cast a cantrip, but forgets the words!
You can now pass through a line of other dancers.
You claw the orc wizard!
You kill the orc wizard!
The orc warrior hits you with a war axe!
* * * LOW HITPOINT WARNING * * *
You barely miss the orc warrior.
You scratch the orc warrior but do no damage.
The orc warrior completely misses you.
You scratch the orc.
The orc is lightly wounded.
The orc barely misses you.
The orc warrior hits you with a war axe.
* * * LOW HITPOINT WARNING * * *
You mangle the orc!!
You kill the orc!
You mangle the orc warrior!!
The orc warrior is severely wounded.
The orc warrior hits you with a war axe!
You die...

##.'.....................#...
#####.##.................o#.....#
....#....#####...# ##............
....#....#####...# #...o.......#
....#........#...# #...........#
.............#...####.o.........#
.............#...##.............#
.............#...##.............#
................@##......########
.....>..........o)...........#
.........###.................#
...##....# #.................#
...##....#######.............#
...##......# #.........#####
...#####...# #.........# ...#
#...#####.........# ...#
#.......#.........#


You could see an orc warrior.

Vanquished Creatures
  2 two-headed ogres
  Joseph (D:8)
  2 hippogriffs
  Sigmund (D:2)
  Grum (D:8)
  A hungry ghost (D:5)
  Duvessa (D:7)
  An ice beast (D:8)
  2 orc warriors
  2 sky beasts
  2 phantoms
  2 ogres
  3 wolves (D:8)
  3 bullfrogs
  An elf zombie (Ossuary)
  Dowan (D:7)
  A water moccasin zombie (D:7)
  4 scorpions
  5 killer bees
  4 wights (D:8)
  A howler monkey (D:6)
  2 crimson imps
  3 jellies (D:8)
  A bullfrog zombie (D:7)
  5 hounds
  A bullfrog skeleton (D:4)
  4 orc wizards
  A human zombie (Ossuary)
  3 iguanas
  3 orc priests
  4 worker ants
  3 mummies (Ossuary)
  A hound zombie (D:8)
  3 hound skeletons
  9 adders
  3 gnolls (D:8)
  3 shadow imps
  6 oozes
  An adder skeleton (D:6)
  3 adder zombies
  A worm (D:3)
  5 leopard geckos
  30 orcs
  4 ball pythons
  4 giant cockroaches
  8 goblins
  5 hobgoblins
  17 jackals
  A quokka (D:5)
  4 bats
  5 frilled lizards
  2 goblin zombies (Ossuary)
  3 hobgoblin zombies (Ossuary)
  5 kobolds
  3 kobold zombies (Ossuary)
  A leopard gecko skeleton (D:4)
  An orc zombie (D:5)
  A quokka skeleton (D:5)
  5 quokka zombies (Ossuary)
  13 rats
  A rat zombie (Ossuary)
219 creatures vanquished.

Vanquished Creatures (others)
  A leopard gecko (D:4)
1 creature vanquished.

Grand Total: 220 creatures vanquished

Notes
Turn   | Place    | Note
-------+----------+-------------------------------------------
     0 | D:1      | Griselidis the Troll Fighter began the quest for the Orb.
     0 | D:1      | Reached XP level 1. HP: 22/22 MP: 0/0
     7 | D:1      | Noticed a minotaur
     7 | D:1      | Noticed a human
     9 | D:1      | Noticed an octopode
     9 | D:1      | Noticed an elf
    11 | D:1      | Noticed a troll
    11 | D:1      | Noticed a centaur
    13 | D:1      | Noticed a felid
    15 | D:1      | Noticed a demigod
    15 | D:1      | Noticed a vine stalker
    17 | D:1      | Noticed a naga
    17 | D:1      | Noticed a halfling
    19 | D:1      | Noticed an ogre
    19 | D:1      | Noticed a gargoyle
    21 | D:1      | Noticed a vampire
    23 | D:1      | Noticed a spriggan
    23 | D:1      | Noticed a merfolk
    25 | D:1      | Noticed a formicid
    25 | D:1      | Noticed a ghoul
    27 | D:1      | Noticed a dwarf
    29 | D:1      | Noticed a demonspawn
    29 | D:1      | Noticed a draconian
    31 | D:1      | Noticed a tengu
   231 | D:1      | Reached XP level 2. HP: 26/29 MP: 1/1
   356 | D:1      | Reached skill level 1 in Throwing
   655 | D:1      | Reached XP level 3. HP: 36/36 MP: 2/2
   708 | D:1      | Found a glowing golden altar of the Shining One.
   888 | D:2      | Noticed Sigmund
   907 | D:2      | Killed Sigmund
   907 | D:2      | Reached skill level 3 in Unarmed Combat
   907 | D:2      | Reached skill level 1 in Evocations
   907 | D:2      | Reached XP level 4. HP: 45/45 MP: 3/3
   907 | D:2      | Reached XP level 5. HP: 53/53 MP: 4/4
  1041 | D:2      | Reached skill level 4 in Unarmed Combat
  1913 | D:3      | Reached XP level 6. HP: 60/61 MP: 6/6
  2215 | D:3      | Noticed a moth of wrath
  2219 | D:3      | Found a bloodstained altar of Trog.
  2457 | D:4      | Found a staircase to the Ecumenical Temple.
  2466 | Temple   | Entered the Ecumenical Temple
  2491 | Temple   | Became a worshipper of Uskayaw the Reveler
  2591 | D:4      | Reached * piety under Uskayaw
  2596 | D:4      | Reached ** piety under Uskayaw
  2793 | D:4      | Found Ibbygas's Antique Armour Boutique.
  2814 | D:4      | Bought a runed robe for 81 gold pieces
  2824 | D:4      | Bought an embroidered robe for 81 gold pieces
  3092 | D:4      | Reached skill level 1 in Invocations
  3359 | D:5      | Entered Level 5 of the Dungeon
  3451 | D:5      | Reached XP level 7. HP: 67/67 MP: 7/7
  3470 | D:5      | Found Siyromer's Distillery.
  3491 | D:5      | Reached *** piety under Uskayaw
  3496 | D:5      | Reached **** piety under Uskayaw
  3500 | D:5      | Reached ***** piety under Uskayaw
  3505 | D:5      | Reached skill level 5 in Unarmed Combat
  3668 | D:5      | Found a sand-covered staircase.
  3688 | Ossuary  | Entered an ossuary
  4035 | D:5      | Noticed a hungry ghost
  4046 | D:5      | Killed a hungry ghost
  4046 | D:5      | Reached XP level 8. HP: 77/78 MP: 7/9
  4167 | D:5      | Reached skill level 6 in Unarmed Combat
  4960 | D:7      | Reached XP level 9. HP: 49/85 MP: 10/10
  5135 | D:7      | Reached skill level 7 in Unarmed Combat
  5216 | D:7      | Noticed Duvessa
  5218 | D:7      | Noticed Dowan
  5232 | D:7      | Killed Duvessa
  5240 | D:7      | Killed Dowan
  5359 | D:8      | Noticed a two-headed ogre
  5409 | D:7      | Reached skill level 5 in Fighting
  5496 | D:7      | Reached skill level 5 in Throwing
  5557 | D:8      | Reached skill level 8 in Unarmed Combat
  5763 | D:8      | Noticed Grum
  5765 | D:8      | Noticed a two-headed ogre
  5766 | D:8      | Noticed Joseph
  5824 | D:7      | Killed a two-headed ogre
  5824 | D:7      | Reached skill level 5 in Invocations
  5824 | D:7      | Reached XP level 10. HP: 18/96 MP: 12/12
  6105 | D:8      | Killed a two-headed ogre
  6105 | D:8      | Reached skill level 9 in Unarmed Combat
  6288 | D:8      | Killed Grum
  6358 | D:8      | Killed Joseph
  6434 | D:8      | Slain by an orc warrior

Vault maps used:
D:1:      kb_arrival_jail, minivault_26, tso_altar
D:2:      minmay_door_path, first_bread, serial_bayou_lagoon_a, uniq_sigmund
D:3:      nrook_mini_backslash, tgw_trog
D:4:      minmay_temple_entry_trees, serial_shops, nicolae_shop_waterfront,
          minmay_hedge_maze
D:5:      enter_ossuary_3, serial_shops, nicolae_shop_stone
D:6:      minmay_misc_feat_iff
D:7:      uniq_duvessa
D:8:      minmay_misc_feat_five, hangedman_little_slice_of_home, uniq_grum,
          uniq_joseph
Temple:   nicolae_temple_the_god_donut
Ossuary:  ossuary_minmay_chase

Skill      XL: |  1  2  3  4  5  6  7  8  9 10 |
---------------+-------------------------------+-----
Throwing       | 1 2 3 4 5 |  5.8
Fighting       | 3 4 5 |  5.8
Unarmed Combat | 3 4 5 6 8 9 |  9.3
Evocations     | 1 2 3 4 |  4.8
Invocations    | 1 2 3 5 |  5.5
Dodging        | |  2.4
Shields        | |  2.6

Action                   |  1- 3 |  4- 6 |  7- 9 | 10-12 || total
-------------------------+-------+-------+-------+-------++-------
Melee: Unarmed           |   108 |   174 |   351 |    60 ||   693
       Punch             |     1 |     2 |     5 |     2 ||    10
Invok: Stomp             |       |       |    15 |       ||    15
       Line Pass         |       |       |     1 |       ||     1
 Abil: Evoke Berserk Rag |     1 |       |       |       ||     1
  Use: Scroll            |       |     7 |     5 |       ||    12
 Stab: Sleeping          |       |     1 |     2 |       ||     3
       Paralysed         |       |       |    17 |     8 ||    25
  Eat: Chunk             |    14 |    24 |    32 |     8 ||    78
Armor: Robe              |    56 |    40 |   111 |     7 ||   214
Dodge: Dodged            |    65 |    89 |   167 |    16 ||   337
